 Dungeon Crawl Stone Soup version 0.27.1 (webtiles) character file.

Game seed: 6183974249236778528

1 chaosape the Sneak (level 1, -1/20 HPs)
             Began as a Gnoll Wanderer on Sept 4, 2021.
             Slain by a ball python (3 damage)
             ... on level 1 of the Dungeon.
             The game lasted 00:00:20 (15 turns).

chaosape the Sneak (Gnoll Wanderer)                   Turns: 15, Time: 00:00:21

Health: -1/20      AC:  2    Str:  9    XL:     1   Next: 20%
Magic:  1/1        EV:  8    Int: 11    God:
Gold:   0          SH:  7    Dex: 13    Spells: 0/0 levels left

rFire    . . .     SeeInvis .   a - +0 dagger
rCold    . . .     Faith    .   e - +0 kite shield
rNeg     . . .     Spirit   .   d - +0 robe
rPois    .         Reflect  .   (no helmet)
rElec    .         Harm     .   (no cloak)
rCorr    .         Rampage  .   (no gloves)
Will     .....                  (no boots)
Stlth    +++.......             (no amulet)
HPRegen  0.06/turn              (no ring)
MPRegen  0.07/turn              (no ring)

@: constricted
A: fangs 1, strong nose, distributed training
a: no special abilities


You were on level 1 of the Dungeon.
You visited 1 branch of the dungeon, and saw 1 of its levels.

Inventory:

Hand Weapons
 a - a +0 dagger (weapon)
Armour
 d - a +0 robe (worn)
 e - a +0 kite shield (worn)
Potions
 b - a potion of lignification
 c - a potion of curing


   Skills:
 + Level 4.4 Fighting
 + Level 0.0 Short Blades
 + Level 0.0 Long Blades
 + Level 0.0 Axes
 + Level 0.0 Maces & Flails
 + Level 0.0 Polearms
 + Level 0.0 Staves
 + Level 0.0 Slings
 + Level 0.0 Bows
 + Level 0.0 Crossbows
 + Level 0.0 Throwing
 + Level 0.0 Armour
 + Level 4.4 Dodging
 + Level 5.8 Stealth
 + Level 2.3 Shields
 + Level 4.4 Unarmed Combat
 + Level 0.0 Spellcasting
 + Level 0.0 Conjurations
 + Level 0.0 Hexes
 + Level 0.0 Summonings
 + Level 0.0 Necromancy
 + Level 0.0 Translocations
 + Level 0.0 Transmutations
 + Level 0.0 Fire Magic
 + Level 0.0 Ice Magic
 + Level 0.0 Air Magic
 + Level 0.0 Earth Magic
 + Level 0.0 Poison Magic
 + Level 0.0 Invocations
 + Level 0.0 Evocations


You couldn't memorise any spells.
You didn't know any spells.
Your spell library was empty.

Dungeon Overview and Level Annotations

Branches:
Dungeon (1/15)

Altars:


Innate Abilities, Weirdness & Mutations

You have very sharp teeth.
Your uncanny sense of smell can sniff out nearby items.
Your experience applies equally to all skills.


Message History

The goblin is moderately wounded.
The endoplasm misses you. The goblin hits you but does no damage.
You hit the goblin. You bite the goblin, but do no damage.
The goblin is severely wounded.
You block the endoplasm's attack. You block the goblin's attack.
You hit the goblin.
You kill the goblin!
The ball python bites you. You block the ball python's attack.
The endoplasm freezes you.
You are frozen.
You block the ball python's attack. The ball python misses you.
You barely miss the giant cockroach. The endoplasm freezes you.
You are frozen.
The giant cockroach bites you. You block the ball python's attack.
The ball python grabs you. The ball python constricts you.
The endoplasm hits you.
You are too injured to fight recklessly!
You are too injured to fight recklessly!
You are too injured to fight recklessly!
You are too injured to fight recklessly!
You are too injured to fight recklessly!
You are too injured to fight recklessly!
You are too injured to fight recklessly!
You hit the endoplasm but do no damage.
You bite the endoplasm, but do no damage.
The giant cockroach waves its antennae.
The giant cockroach barely misses you. The ball python bites you.
* * * LOW HITPOINT WARNING * * *
The ball python constricts you. The endoplasm freezes you.
You are frozen.
* * * LOW HITPOINT WARNING * * *
The giant cockroach bites you.
* * * LOW HITPOINT WARNING * * *
You block the ball python's attack. The ball python constricts you.
* * * LOW HITPOINT WARNING * * *
Unknown command.
You hit the endoplasm.
The endoplasm is severely wounded.
You block the giant cockroach's attack. The ball python bites you.
You die...

......... ..
)......###.### ..
#........#... ..
#...#......#
...#..#..#...#...#+#+##
.#.. ..#..#..#..........
..#..#.#.#..#...........
...#.#.#.#.#...#.B......
..#.#.#.#..##$@J.....$ .
#.#...#.##....S......
....#.....#.............
#...<...######.......
....#.....#.... .######
..##.#...#.##... .#
..#.#.#.#.. #. .#
...#.#.#.#.#... .# ..#..
. . ..#..


You could see an endoplasm, a giant cockroach and a ball python.

Vanquished Creatures
  A goblin (D:1)
1 creature vanquished.

Notes
Turn   | Place    | Note
-------+----------+-------------------------------------------
     0 | D:1      | chaosape the Gnoll Wanderer began the quest for the Orb.
     0 | D:1      | chaosape set off with the following items: a +0 dagger, a
                  | potion of lignification, a potion of curing, a +0 robe, a
                  | +0 kite shield
     0 | D:1      | Reached XP level 1. HP: 20/20 MP: 1/1
    14 | D:1      | HP: 1/20 [constriction (1)]
    15 | D:1      | Slain by a ball python

Illustrated notes

Levels and vault maps discovered:
D:1:      minmay_arrival_radiant_lines, layout_basic

Action                   || total
-------------------------++-------
Melee: Dagger            ||     6
       Bite              ||     2
Armor: Robe              ||     1
Dodge: Dodged            ||     3
Block: Kite shield       ||     8
